 Dungeon Crawl Stone Soup version 0.29-a0-284-gf9362112df (webtiles) character file.

Game seed: 9520568511442433239

266 enile the Magician (level 6, 0/47 HPs)
             Began as a Djinni Fire Elementalist on Mar 14, 2022.
             Killed from afar by a white imp (12 damage)
             ... with a puff of frost
             ... on level 5 of the Dungeon.
             The game lasted 00:03:56 (3855 turns).

enile the Magician (Djinni Fire Elementalist)       Turns: 3855, Time: 00:03:56

Health: 0/47       AC:  2    Str: 13    XL:     6   Next: 44%
Gold:   75         EV: 12    Int: 18    God:
                   SH:  0    Dex: 14

rFire   + + .      SeeInvis .   d - +0 war axe
rCold   x . .      Faith    +   (no shield)
rNeg    . . .      Spirit   .   a - +0 robe
rPois   ∞          Reflect  .   (no helmet)
rElec   .          Harm     .   (no cloak)
rCorr   .          Rampage  .   (no gloves)
Will    .....                   (boots unavailable)
Stlth   ++........              f - amulet of faith
HPRegen 0.15/turn               h - +6 ring of strength
MPRegen 0.00/turn               (no ring)

@: flying
A: sickness immunity, fire resistance 2, cold vulnerability 1, float, innate
caster, HP casting, extra vitality 1
a: no special abilities


You were on level 5 of the Dungeon.
You visited 1 branch of the dungeon, and saw 5 of its levels.

You collected 75 gold pieces.

Inventory:

Hand Weapons
 c - a +0 dagger
 d - a +0 war axe (weapon)
Missiles
 m - a throwing net (quivered)
Armour
 a - a +0 robe (worn)
Jewellery
 f - an amulet of faith (around neck)
 h - a +6 ring of strength (left hand)
Scrolls
 e - a scroll of torment
 g - a scroll of magic mapping
 k - 2 scrolls of teleportation {unknown}
 l - 2 scrolls of noise
 n - 2 scrolls of vulnerability {unknown}
 r - a scroll of amnesia {unknown}
 t - a scroll of immolation
Potions
 i - 2 potions of lignification {unknown}
 j - a potion of brilliance {unknown}
 o - a potion of mutation {unknown}
 p - a potion of might {unknown}
 q - 2 potions of berserk rage {unknown}
 s - a potion of resistance {unknown}


   Skills:
 + Level 3.8 Fighting
 - Level 2.5 Dodging
 - Level 1.8 Stealth
 - Level 4.0 Spellcasting


You couldn't memorise any spells.
You knew the following spells:

 Your Spells              Type           Power      Damage    Failure   Level
a - Foxfire               Conj/Fire      72%        2x1d7     2%          1
b - Scorch                Fire           36%        2d6       4%          2
c - Conjure Flame         Conj/Fire      18%        6-21      9%          3
d - Inner Flame           Hex/Fire       18%        N/A       9%          3
e - Flame Wave            Conj/Fire      18%        2d6       28%         4
f - Summon Small Mammal   Summ           72%        N/A       2%          1
g - Searing Ray           Conj           36%        2d5       4%          2
Your spell library was empty.

Dungeon Overview and Level Annotations

Branches:
Dungeon (4/15)
 Temple: D:4-7

Altars:
Yredelemnul


Innate Abilities, Weirdness & Mutations

You are immune to sickness and miasma.
You are immune to poison.
Your flesh is very heat resistant. (rF++)
You are vulnerable to cold. (rC-)
You float through the air rather than walking.
You learn spells naturally, not from books.
Your magical power is your life essence.
You have superior vitality. (+4 MHP)


Message History

Confirm with . or Enter, or press ? or * to list all spells.
Flames lash the ice beast.
Flame seeps out of the ice beast.
The ice beast is severely wounded.
The ice beast's fire resistance burns away.
* * * LOW HITPOINT WARNING * * *
The ice beast is engulfed in blazing flames.
The ice beast explodes!
You hear a shout! x2
Your Fighting skill increases to level 3!
You have reached level 6!
Really fly into that cloud of flame? [Y]es or [N]o only, please.
Really fly into that cloud of flame?
Okay, then.
As you read the scroll labelled SUDEEFUASI, it crumbles to dust.
You hear a loud clanging noise!
It was a scroll of noise.
Something shouts, "Remove thy stench, thou pribbling dread-bolted barnacle!"
You hear an angry hiss.
You hear a shout! x4
As you read the scroll labelled BEGINET LICZI, it crumbles to dust.
It is a scroll of identify.
e - a scroll of torment Your magical contamination has completely faded away.
As you read the scroll of identify, it crumbles to dust.
g - a scroll of magic mapping
b - a scroll of identify
As you read the scroll of identify, it crumbles to dust.
t - a scroll of immolation A white imp comes into view.
The white imp shouts!
Casting: Scorch (safe; 4% risk of failure)
Confirm with . or Enter, or press ? or * to list all spells.
Aiming: Inner Flame (dangerous; 9% risk of failure)
Press: ? - help, Dir - move target, f - white imp
Aim: a white imp (chance to affect: 80%)
The white imp is filled with an inner flame.
* * * LOW HITPOINT WARNING * * *
The white imp gestures at you. The puff of frost hits you!
You feel a terrible chill!
You die...

...........# .......
...........#+#+# .......
...W?........... .......
............... .......
............... .......
....>......#.# .......
...........#.#
.......#########(###.#
.........@...........#
.....5########.###########
..... ...................
.... #####.........#####
.#' #.........# ..
#.........# . #.........#
#.........# #....)....#


You could see a white imp (inner flame).

Vanquished Creatures
  An ice beast (D:5)
  An orc priest (D:3)
  2 orc wizards (D:3)
  4 adders
  A worm (D:3)
  A dart slug (D:1)
  3 orcs
  3 bats (D:1)
  4 endoplasms
  A giant cockroach (D:2)
  7 goblins
  5 hobgoblins (D:1)
  3 quokkas
  A ball python (D:1)
  4 frilled lizards
  5 kobolds
  4 rats
50 creatures vanquished.

Vanquished Creatures (collateral kills)
  A foxfire (D:2)
1 creature vanquished.

Vanquished Creatures (others)
  138 foxfires
  18 plants (D:3)
156 creatures vanquished.

Grand Total: 207 creatures vanquished

Notes
Turn   | Place    | Note
-------+----------+-------------------------------------------
     0 | D:1      | enile the Djinni Fire Elementalist began the quest for the
                  | Orb.
     0 | D:1      | Reached XP level 1. HP: 15/15 MP: 0/0
   638 | D:1      | Reached XP level 2. HP: 20/21 MP: 0/0
   922 | D:1      | Reached skill level 1 in Fighting
  1284 | D:1      | Reached XP level 3. HP: 25/27 MP: 0/0
  1284 | D:1      | Learned a level 1 spell: Summon Small Mammal
  2178 | D:2      | Found a basalt altar of Yredelemnul.
  2622 | D:3      | Reached skill level 3 in Spellcasting
  2622 | D:3      | Reached XP level 4. HP: 11/33 MP: 0/0
  3049 | D:3      | Reached XP level 5. HP: 33/38 MP: 0/0
  3049 | D:3      | Learned a level 2 spell: Searing Ray
  3474 | D:3      | Reached skill level 4 in Spellcasting
  3672 | D:3      | You are sucked into a shaft and drop 2 floors!
  3672 | D:5      | Entered Level 5 of the Dungeon
  3830 | D:5      | Noticed an ice beast
  3831 | D:5      | Noticed a phantom
  3840 | D:5      | Killed an ice beast
  3841 | D:5      | Reached XP level 6. HP: 12/47 MP: 0/0
  3855 | D:5      | Killed from afar by a white imp

Illustrated notes

Levels and vault maps discovered:
D:1:      matt_arrival_los_fun, layout_basic
D:2:      layout_basic, basic_altar, minmay_hedge_maze
D:3:      layout_basic, tso_altar, mainiacjoe_overflow_chevrons
D:4:      layout_cave_pods, okawaru_metal_pillars_1_2
D:5:      layout_basic, mainiacjoe_overflow_alcove_2, uniq_sigmund

Skill      XL: |  1  2  3  4  5 |
---------------+----------------+-----
Fighting       | 1 2 3 |  3.8
Spellcasting   | 3 4 |  4.0
Dodging        | |  2.5
Stealth        | |  1.8

Action                   |  1- 3 |  4- 6 || total
-------------------------+-------+-------++-------
Melee: Unarmed           |     2 |       ||     2
       Dagger            |     1 |     1 ||     2
       War axe           |       |     1 ||     1
Throw: Throwing net      |       |     3 ||     3
 Cast: Foxfire           |    77 |    16 ||    93
       Scorch            |    10 |    18 ||    28
       Searing Ray       |       |     3 ||     3
       Inner Flame       |       |     2 ||     2
       Summon Small Mamm |       |     1 ||     1
       Flame Wave        |       |     1 ||     1
  Use: Potion            |       |     4 ||     4
       Scroll            |       |     4 ||     4
Armor: Robe              |     6 |     4 ||    10
Dodge: Dodged            |    18 |    18 ||    36

Table legend: (Time is in decaauts)
 A = Elapsed time spent in this place.
 B = Non-inter-level travel time spent in this place.
 C = Inter-level travel time spent in this place.
 D = Time resting spent in this place.
 E = Time spent auto-exploring this place.
 F = Levels seen in this place.
 G = Mean time per level.
                   A        B        C        D        E       F      G
               +--------+--------+--------+--------+--------+-----+--------+
         Total |   3838 |   3769 |     69 |      0 |   3311 |   5 |  767.6 |
       Dungeon |   3838 |   3769 |     69 |      0 |   3311 |   5 |  767.6 |
               +--------+--------+--------+--------+--------+-----+--------+

Top non-repeatable levels by time:
     D:1: 1617 daAuts
     D:2: 950 daAuts
     D:3: 806 daAuts
     D:4: 281 daAuts
     D:5: 182 daAuts
